 Dungeon Crawl Stone Soup version 0.31-a0-986-g5e6e4ef867 (webtiles) character file.

Game seed: 10951755802021352335

81 gelatine the Firebug (level 4, -3/31 HPs)
             Began as a Demonspawn Fire Elementalist on Nov 21, 2023.
             Slain by a river rat (7 damage)
             ... on level 3 of the Dungeon.
             The game lasted 00:06:30 (2367 turns).

gelatine the Firebug (Demonspawn Fire Elementalist) Turns: 2367, Time: 00:06:31

Health: -3/31      AC:  2    Str:  8    XL:     4   Next: 19%
Magic:  0/7        EV: 12    Int: 19    God:
Gold:   71         SH:  0    Dex: 13    Spells: 5/8 levels left

rFire   . . .        k - staff of air
rCold   . . .        (no shield)
rNeg    . . .        a - +0 robe
rPois   +            (no helmet)
rElec   +            (no cloak)
rCorr   .            (no gloves)
SInv    .            (no boots)
Will    .....        (no amulet)
Stlth   ++           e - ring of poison resistance
HPRegen 0.25/turn    (no ring)
MPRegen 0.10/turn

%: no passive effects
@: weak-willed, enlightened, flying
A: claws 2, hooves 1
a: no special abilities


You were on level 3 of the Dungeon.
You visited 1 branch of the dungeon, and saw 3 of its levels.

You collected 71 gold pieces.

Inventory:

Armour
 a - a +0 robe (worn)
Magical Staves
 k - a staff of air (weapon)
Jewellery
 e - a ring of poison resistance (left claw)
Wands
 o - a wand of mindburst (10)
Scrolls
 c - a scroll of teleportation
 j - a scroll of revelation {unknown}
 m - a scroll of enchant armour {unknown}
Potions
 b - a potion of magic
 f - a potion of curing
 l - a potion of brilliance {unknown}
 n - a potion of heal wounds {unknown}


   Skills:
 * Level 0.7 Fighting
 * Level 1.8 Dodging
 + Level 2.0 Stealth
 + Level 0.3 Unarmed Combat
 + Level 2.6 Spellcasting
 * Level 1.4 Conjurations
 * Level 3.7 Fire Magic


You had 5 spell levels left.
You knew the following spells:

 Your Spells              Type           Power      Damage    Failure   Level
a - Foxfire               Conj/Fire      48%        2x1d6     5%          1
b - Scorch                Fire           32%        2d6       5%          2

Your spell library contained the following spells:

 Spells                   Type           Power      Damage    Failure   Level
 Apportation              Tloc           4%         N/A       16%         1
 Inner Flame              Hex/Fire       9%         N/A       22%         3
 Volatile Blastmotes      Fire/Tloc      18%        2d11      22%         3
 Jinxbite                 Hex            4%         N/A       24%         2
 Flame Wave               Conj/Fire      12%        2d6       50%         4
 Alistair's Intoxication  Tmut/Pois      1%         N/A       99%         5


Dungeon Overview and Level Annotations

Branches:
Dungeon (3/15)

Altars:


Innate Abilities, Weirdness & Mutations

You have very sharp fingernails.
You have large cloven feet.


Message History

You feel sick.
You are no longer poisoned.
The foxfire hits the giant cockroach.
The giant cockroach is moderately wounded.
The foxfire hits the giant cockroach but does no damage.
The giant cockroach is moderately wounded.
The giant cockroach bites you but does no damage.
The giant cockroach closely misses you.
Casting: Foxfire (safe; 5% risk of failure)
Confirm with . or Enter, or press ? or * to list all spells.
Flames lash the worm.
The worm is moderately wounded.
The worm's fire resistance burns away.
The giant cockroach misses you.
A river rat comes into view.
The giant cockroach attacks as it pursues you!
The giant cockroach barely misses you. The giant cockroach misses you.
The worm is no longer more vulnerable to fire.
You conjure some foxfire!
The giant cockroach bites you but does no damage.
You are out of magic!
You hit the giant cockroach.
You kill the giant cockroach!
The foxfire hits the river rat but does no damage.
The foxfire hits the river rat.
The river rat is lightly wounded.
The worm bites you. The river rat barely misses you.
You conjure some foxfire!
The river rat bites you! The worm barely misses you.
You hit the river rat.
The river rat is moderately wounded.
The foxfire hits the river rat.
The river rat is heavily wounded.
The foxfire hits the river rat but does no damage.
The river rat is heavily wounded.
The river rat bites you!
* * * LOW HITPOINT WARNING * * *
It was a potion of enlightenment.
You feel very buoyant.
You fly up into the air.
The river rat bites you!
You die...

#~# #~# #~ #
#~#~#####.#
#####~##.....#
#.........####
###.....†..##
#..........#
#....rw#.#.#
#....@...#.#
###..§####.#
....?..# #.#
#.###.### #.#
#. .# #. #


You could see a worm and a river rat.

Vanquished Creatures
  3 adders
  A dart slug (D:1)
  4 endoplasms
  2 giant cockroaches
  6 goblins
  11 hobgoblins
  6 jackals (D:1)
  A quokka (D:2)
  A ball python (D:1)
  3 bats (D:1)
  2 frilled lizards
  3 kobolds
  3 rats
46 creatures vanquished.

Vanquished Creatures (others)
  86 foxfires
86 creatures vanquished.

Grand Total: 132 creatures vanquished

Notes
Turn   | Place    | Note
-------+----------+-------------------------------------------
     0 | D:1      | gelatine the Demonspawn Fire Elementalist began the quest
                  | for the Orb.
     0 | D:1      | Reached XP level 1. HP: 13/13 MP: 3/3
   191 | D:1      | Reached skill level 3 in Fire Magic
   287 | D:1      | Discovered your monstrous ancestry.
   287 | D:1      | Gained mutation: You have sharp fingernails. [demonic
                  | ancestry]
   287 | D:1      | Reached XP level 2. HP: 19/19 MP: 1/5
   977 | D:1      | Gained mutation: You have large cloven feet. [demonic
                  | ancestry]
   977 | D:1      | Reached XP level 3. HP: 22/24 MP: 1/6
  1148 | D:2      | Learned a level 2 spell: Scorch
  2040 | D:2      | Gained mutation: You have very sharp fingernails. [demonic
                  | ancestry]
  2040 | D:2      | Reached XP level 4. HP: 30/30 MP: 0/7
  2367 | D:3      | Slain by a river rat

Illustrated notes

Levels and vault maps discovered:
D:1:      evilmike_arrival_rings, layout_basic
D:2:      layout_basic, serial_forest, infiniplex_forest_lined_corner,
          infiniplex_forest_straight_3, infiniplex_forest_fountain,
          infiniplex_forest_straight_1, infiniplex_forest_clump_small
D:3:      layout_loops_ring, nicolae_gozag_cash_rules_everything_around_me,
          mainiacjoe_sewer_entry_somewhere_in_here_1, uniq_ijyb, uniq_terence,
          uniq_sigmund

Skill      XL: |  1  2  3 |
---------------+----------+-----
Fire Magic     | 3 |  3.7
Stealth        | 2 |  2.0
Fighting       | |  0.7
Dodging        | |  1.8
Unarmed Combat | |  0.3
Spellcasting   | |  2.6
Conjurations   | |  1.4

Action                     |  1- 3 |  4- 6 || total
---------------------------+-------+-------++-------
  Melee: Unarmed           |    27 |       ||    27
         Staff             |     1 |     3 ||     4
         Punch             |     1 |       ||     1
   Cast: Foxfire           |    49 |     3 ||    52
         Scorch            |    18 |     4 ||    22
    Use: Scroll            |       |     4 ||     4
         Potion            |       |     1 ||     1
 Armour: Robe              |    23 |     9 ||    32
  Dodge: Dodged            |    29 |     8 ||    37

Table legend: (Time is in decaauts)
 A = Elapsed time spent in this place.
 B = Non-inter-level travel time spent in this place.
 C = Inter-level travel time spent in this place.
 D = Time resting spent in this place.
 E = Time spent auto-exploring this place.
 F = Levels seen in this place.
 G = Mean time per level.
                   A        B        C        D        E       F      G
               +--------+--------+--------+--------+--------+-----+--------+
         Total |   2368 |   2298 |     70 |      0 |   1926 |   3 |  789.3 |
       Dungeon |   2368 |   2298 |     70 |      0 |   1926 |   3 |  789.3 |
               +--------+--------+--------+--------+--------+-----+--------+

Top non-repeatable levels by time:
     D:1: 1205 daAuts
     D:2: 1074 daAuts
     D:3: 88 daAuts
